 Dungeon Crawl Stone Soup version 0.27.1-1-g398f81649c (webtiles) character file.

Game seed: 15285649620479145856

133 ZARRMARR the Conjurer (level 5, -2/34 HPs)
             Began as an Octopode Conjurer on Sept 11, 2021.
             Slain by a kobold brigand (3 damage)
             ... in a sewer.
             The game lasted 00:10:40 (3144 turns).

ZARRMARR the Conjurer (Octopode Conjurer)           Turns: 3144, Time: 00:10:42

Health: -2/34      AC:  1    Str:  7    XL:     5   Next: 16%
Magic:  0/8        EV: 13    Int: 21    God:
Gold:   23         SH:  0    Dex: 10    Spells: 5/8 levels left

rFire    . . .     SeeInvis .   i - staff of poison
rCold    . . .     Faith    .   (no shield)
rNeg     . . .     Spirit   +   (helmet restricted)
rPois    +         Reflect  .   h - amulet of guardian spirit
rElec    .         Harm     .   d - +4 ring of slaying
rCorr    .         Rampage  .   (no ring)
Will     .....                  (no ring)
Stlth    ++++......             (no ring)
HPRegen  0.11/turn              (no ring)
MPRegen  0.11/turn              (no ring)
                                (no ring)
                                (no ring)

@: unable to read, slowed, very slow
A: almost no armour, amphibious, 8 rings, camouflage 1, gelatinous body 1,
nimble swimmer 1, tentacles, inability to read while threatened
a: no special abilities


You were in a sewer.
You visited 1 branch of the dungeon, and saw 3 of its levels.
You also visited: Sewer.

You collected 23 gold pieces.

Inventory:

Magical Staves
 e - a staff of conjuration
 i - a staff of poison (weapon)
Jewellery
 d - a +4 ring of slaying (left tentacle)
 h - an amulet of guardian spirit (around mantle)
 m - a ring of flight
Scrolls
 g - a scroll of enchant weapon
 n - a scroll of holy word {unknown}
Potions
 b - a potion of invisibility {unknown}
 c - a potion of might {unknown}
 f - a potion of brilliance {unknown}
 j - 2 potions of mutation


   Skills:
 + Level 1.7 Fighting
 + Level 0.6 Staves
 + Level 2.9 Dodging
 + Level 4.0 Stealth
 - Level 2.1 Spellcasting
 + Level 4.5 Conjurations
 + Level 1.5 Evocations


You had 5 spell levels left.
You knew the following spells:

 Your Spells              Type           Power      Damage    Failure   Level
a - Magic Dart            Conj           84%        1d7       2%          1
b - Searing Ray           Conj           42%        3d4       3%          2

Your spell library contained the following spells:

 Spells                   Type           Power      Damage    Failure   Level
 Dazzling Flash           Conj/Hex       22%        N/A       17%         3
 Fulminant Prism          Conj/Hex       5%         3d7       50%         4
 Iskenderun's Mystic Bla  Conj/Tloc      11%        2d4       50%         4


Dungeon Overview and Level Annotations

Branches:
Dungeon (3/15)              Sewer (1/1)

Altars:

Shops:
D:2 ?


Innate Abilities, Weirdness & Mutations

You cannot wear most types of armour.
You are amphibious.
You can wear up to eight rings at the same time.
Your skin changes colour to match your surroundings (Stealth+).
Your rubbery body absorbs attacks. (AC +1, EV +1)
You are camouflaged near water. (Stealth+)
You have tentacles for arms and can constrict up to eight enemies at once.
You sometimes lose the ability to read scrolls when taking damage.


Message History

Casting: Searing Ray (safe; 3% risk of failure)
Confirm with . or Enter, or press ? or * to list all spells.
Aiming: Magic Dart (safe; 2% risk of failure)
Press: ? - help, Shift-Dir - straight line, f/p - kobold brigand
Aim: a kobold brigand, wielding a +0 whip and quivering curare-tipped darts (heavily wounded, 100% to hit)
The magic dart hits the kobold brigand but does no damage.
The kobold brigand is heavily wounded.
You feel very sick.
The kobold brigand throws a curare-tipped dart.
The curare-tipped dart hits you.
Casting: Magic Dart (safe; 2% risk of failure)
Confirm with . or Enter, or press ? or * to list all spells.
Aiming: Magic Dart (safe; 2% risk of failure)
Press: ? - help, Shift-Dir - straight line, f/p - kobold brigand
Aim: a kobold brigand, wielding a +0 whip and quivering curare-tipped darts (heavily wounded, 100% to hit)
Okay, then.
Unknown command.
It was a potion of mutation.
You feel extremely strange.
You lose the ability to read scrolls when threatened.
* * * LOW HITPOINT WARNING * * *
You feel very sick.
The kobold brigand hits you with a +0 whip.
You feel threatened and lose the ability to read scrolls!
* * * LOW HITPOINT WARNING * * *
It was a potion of curing.
You feel better.
You can read scrolls again.
The kobold brigand hits you with a +0 whip!
You feel threatened and lose the ability to read scrolls!
* * * LOW HITPOINT WARNING * * *
Unknown command.
Casting: Magic Dart (safe; 2% risk of failure)
Confirm with . or Enter, or press ? or * to list all spells.
Okay, then.
You barely miss the kobold brigand. You grab the kobold brigand.
You squeeze the kobold brigand!
The kobold brigand is severely wounded.
You constrict the kobold brigand, but do no damage.
The kobold brigand completely misses you.
The kobold brigand hits you with a +0 whip.
You die...

#..≈≈≈########≈.≈≈≈≈≈≈≈≈..
≈.##### #..≈.≈#####≈. ###
#≈...## . #..≈## #≈≈.#
#..≈# ##.≈≈## #≈≈≈.≈#
#≈###@# #≈ #K# #≈ #≈# ≈≈.
#≈#≈# #≈ †# #≈ ≈# #. .# ##
##


You could see a kobold brigand.

Vanquished Creatures
  6 adders
  A dart slug (D:1)
  2 worms
  An orc (D:3)
  3 bats
  6 endoplasms
  6 giant cockroaches
  5 goblins
  6 hobgoblins
  5 jackals
  5 quokkas
  5 ball pythons
  4 frilled lizards
  6 kobolds
  9 rats
70 creatures vanquished.

Notes
Turn   | Place    | Note
-------+----------+-------------------------------------------
     0 | D:1      | ZARRMARR the Octopode Conjurer began the quest for the Orb.
     0 | D:1      | Reached XP level 1. HP: 11/11 MP: 3/3
   235 | D:1      | Reached XP level 2. HP: 18/18 MP: 0/5
   310 | D:1      | Learned a level 2 spell: Searing Ray
   933 | D:1      | Reached skill level 1 in Fighting
   933 | D:1      | Reached XP level 3. HP: 23/23 MP: 3/6
  1616 | D:2      | Found Miesa's Magic Scroll Emporium.
  1945 | D:2      | Reached skill level 1 in Evocations
  1945 | D:2      | Reached XP level 4. HP: 24/28 MP: 2/7
  2818 | D:3      | Found a glowing drain.
  2825 | D:3      | Reached XP level 5. HP: 19/33 MP: 1/8
  2978 | Sewer    | Entered a sewer
  3130 | Sewer    | Noticed a kobold brigand
  3142 | Sewer    | Gained mutation: You sometimes lose the ability to read
                  | scrolls when taking damage. [potion of mutation]
  3143 | Sewer    | HP: 1/34 [kobold brigand (10)]
  3144 | Sewer    | Slain by a kobold brigand

Illustrated notes

Levels and vault maps discovered:
D:1:      shiori_shiawase, layout_basic
D:2:      layout_basic, serial_shops, shop, minmay_pentomino_pile
D:3:      layout_basic, mainiacjoe_overflow_tiny_flanked, gup_sewer_entry_pipe,
          uniq_ijyb
Sewer:    sewer_co_tree

Skill      XL: |  1  2  3  4  5 |
---------------+----------------+-----
Stealth        | 3 4 |  4.0
Fighting       | 1 |  1.7
Evocations     | 1 |  1.5
Staves         | |  0.6
Dodging        | |  2.9
Spellcasting   | |  2.1
Conjurations   | |  4.5

Action                   |  1- 3 |  4- 6 || total
-------------------------+-------+-------++-------
Melee: Unarmed           |     2 |       ||     2
       Constrict         |     3 |     4 ||     7
       Tentacles         |     3 |     2 ||     5
       Staff             |     3 |    19 ||    22
 Cast: Magic Dart        |    53 |    30 ||    83
       Searing Ray       |    15 |     8 ||    23
  Use: Scroll            |     2 |     3 ||     5
       Potion            |       |     2 ||     2
 Stab: Sleeping          |     1 |     2 ||     3
Armor: Skin              |       |     1 ||     1
Dodge: Dodged            |     2 |    15 ||    17
